 Dungeon Crawl Stone Soup version 0.26-a0-778-g3fe0686644 (webtiles) character file.

Game seed: 2127663944075803741

30 dickylongcocking the Poker (level 3, -5/27 HPs)
             Began as a Merfolk Gladiator on Nov 11, 2020.
             Slain by a centaur (7 damage)
             ... on level 3 of the Dungeon.
             The game lasted 00:00:57 (970 turns).

dickylongcocking the Poker (Merfolk Gladiator)       Turns: 970, Time: 00:00:59

Health: -5/27      AC:  4    Str: 14    XL:     3   Next: 20%
Magic:  3/3        EV: 14    Int:  7    God:
Gold:   109        SH:  0    Dex: 16    Spells: 2/2 levels left

rFire    . . .     SeeInvis .   a - +0 trident
rCold    . . .     Faith    .   (no shield)
rNeg     . . .     Spirit   .   b - +0 leather armour
rPois    .         Reflect  .   c - +0 helmet
rElec    .         Harm     .   (no cloak)
rCorr    .         Rampage  .   (no gloves)
MR       .....                  (no boots)
Stlth    +.........             (no amulet)
HPRegen  0.09/turn              (no ring)
MPRegen  0.08/turn              (no ring)

@: no status effects
A: change form in water, swift swim, stealthy swim
a: no special abilities


You were on level 3 of the Dungeon.
You visited 1 branch of the dungeon, and saw 3 of its levels.

You collected 109 gold pieces.

Inventory:

Hand Weapons
 a - a +0 trident (weapon)
Armour
 b - a +0 leather armour (worn)
 c - a +0 helmet (worn)
Scrolls
 e - 3 scrolls of identify {unknown}
 i - 2 scrolls of blinking {unknown}
 j - a scroll of noise {unknown}
 k - 2 scrolls of remove curse {unknown}
 m - a scroll of teleportation {unknown}
Potions
 h - a potion of lignification
 l - a potion of flight {unknown}


   Skills:
 - Level 2.1 Fighting
 * Level 6.2 Polearms
 - Level 2.0 Throwing
 - Level 4.0 Dodging


You had 2 spell levels left.
You didn't know any spells.
Your spell library was empty.

Dungeon Overview and Level Annotations

Branches:
Dungeon (3/15)

Altars:


Message History

The centaur shoots an arrow.
The arrow hits you but does no damage.
The centaur shoots an arrow.
The arrow hits you!
* * * LOW HITPOINT WARNING * * *
Unknown command.
Attack whom?
Press: ? - help, Dir - move target cursor, f/p - centaur
Aim: a centaur, wielding a +0 shortbow and quivering an arrow (heavily wounded)
You reach to attack!
You hit the centaur but do no damage.
The centaur is heavily wounded.
The centaur shoots an arrow.
The arrow hits you.
* * * LOW HITPOINT WARNING * * *
Unknown command.
It was a potion of cancellation.
Your magical effects are unravelling.
You feel magically purged.
You feel less wooden.
Your +0 helmet unmelds from your body.
Your +0 leather armour unmelds from your body.
The centaur unwields a +0 shortbow.
The centaur hits you!
You die...

### .(. #.#
#c# ###@#
#.((# ♣ #.###
#.## #.#
#♣.♣...####.#
.......<....#
..##.#.######
#. #.


You could see a centaur.

Vanquished Creatures
  An adder (D:2)
  2 dart slugs
  4 goblins
  2 hobgoblins
  A ball python (D:2)
  3 bats (D:2)
  4 frilled lizards
  3 rats (D:1)
20 creatures vanquished.

Notes
Turn   | Place    | Note
-------+----------+-------------------------------------------
     0 | D:1      | dickylongcocking the Merfolk Gladiator began the quest for
                  | the Orb.
     0 | D:1      | Reached XP level 1. HP: 16/16 MP: 1/1
   261 | D:1      | Reached skill level 5 in Polearms
   261 | D:1      | Reached XP level 2. HP: 22/22 MP: 2/2
   565 | D:2      | Reached skill level 6 in Polearms
   565 | D:2      | Reached XP level 3. HP: 27/27 MP: 3/3
   811 | D:2      | Found a faded altar of an unknown god.
   956 | D:3      | Noticed a centaur
   970 | D:3      | Slain by a centaur

Illustrated notes

Levels and vault maps discovered:
D:1:      dpeg_arrival_ternary, layout_rooms, serial_rivers,
          chequers_serial_rivers_micro_e, chequers_serial_rivers_room_b,
          chequers_serial_rivers_micro_b, chequers_serial_rivers_small_3
D:2:      layout_rooms, chequers_ecumenical_altar_twisty, grunt_ministairs_5
D:3:      layout_loops_cross, okawaru_trees_1, cheibriados_altar_1,
          old_standard_altar, serial_forest, infiniplex_forest_corner_2,
          infiniplex_forest_straight_3, infiniplex_forest_lined_corner,
          infiniplex_forest_lined_corner, infiniplex_forest_diagonal

Skill      XL: |  1  2 |
---------------+-------+-----
Polearms       | 5 6 |  6.2
Fighting       | |  2.1
Throwing       | |  2.0
Dodging        | |  4.0

Action                   || total
-------------------------++-------
Melee: Trident           ||    49
Throw: Throwing net      ||     3
  Use: Potion            ||     4
 Stab: Held in net/web   ||     1
       Sleeping          ||     1
Armor: Leather armour    ||     4
       Skin              ||     2
Dodge: Dodged            ||    19

Table legend: (Time is in decaauts)
 A = Elapsed time spent in this place.
 B = Non-inter-level travel time spent in this place.
 C = Inter-level travel time spent in this place.
 D = Time resting spent in this place.
 E = Time spent auto-exploring this place.
 F = Levels seen in this place.
 G = Mean time per level.
                   A        B        C        D        E       F      G
               +--------+--------+--------+--------+--------+-----+--------+
         Total |    957 |    905 |     52 |      0 |    777 |   3 |  319.0 |
       Dungeon |    957 |    905 |     52 |      0 |    777 |   3 |  319.0 |
               +--------+--------+--------+--------+--------+-----+--------+

Top non-repeatable levels by time:
     D:2: 523 daAuts
     D:1: 411 daAuts
     D:3: 23 daAuts
